 Dungeon Crawl Stone Soup version 0.32-a0-540-g866d13106e (webtiles) character file.

Game seed: 17433771220044567878

1621 zenocrate the Sneak (level 8, -2/37 HPs)
             Began as a Felid Shapeshifter on Feb 29, 2024.
             Was a Believer of Ru.
             Slain by a gnoll sergeant
             ... wielding a +0 trident
              (5 damage)
             ... on level 7 of the Dungeon.
             The game lasted 00:08:37 (5437 turns).

zenocrate the Sneak (Felid Shapeshifter)            Turns: 5437, Time: 00:08:37

Health: -2/37      AC:  2    Str: 10    XL:     8   Next: 64%
Magic:  9/9        EV: 22    Int: 19    God:    Ru [**....]
Gold:   266        SH:  0    Dex: 19    Spells: 4/7 levels left
                                        Lives:  0   Deaths: 2

rFire   . .          .
                       - Unarmed
rCold   . . .        (shield unavailable)
rNeg    . . .        (body armour unavailable)
rPois   .            (helmet unavailable)
rElec   .            (cloak unavailable)
rCorr   .            (gloves unavailable)
SInv    +            (boots unavailable)
Will    +....        f - amulet of magic regeneration
Stlth   ++++         g - +6 ring of intelligence
HPRegen 0.26/turn    (no ring)
MPRegen 0.51/turn

%: no passive effects
@: mighty, beast-form
A: beast (slay +1), very small, claws 1, fangs 3, see invisible, shaggy fur 2,
hated by all, stealthy paws, no weapons or thrown items, no armour, multi-lived
a: Begin Untransformation, Renounce Religion


You were on level 7 of the Dungeon.
You worshipped Ru.
Ru was pleased with you.
You were a hulking beast.
You visited 2 branches of the dungeon, and saw 8 of its levels.

You collected 266 gold pieces.

Inventory:

Jewellery
 d - a ring of ice
 f - an amulet of magic regeneration (around neck)
 g - a +6 ring of intelligence (left paw)
Talismans
 b - a beast talisman (active)
 c - a flux talisman
Wands
 o - a wand of digging (1)
 r - a wand of warping (1)
 u - a wand of flame (45)
Scrolls
 a - a scroll of fog {unknown}
 e - 2 scrolls of revelation
 i - 2 scrolls of amnesia {unknown}
 j - 5 scrolls of teleportation
 l - 2 scrolls of enchant weapon {unknown}
 n - a scroll of noise {unknown}
 p - a scroll of poison {unknown}
 t - 2 scrolls of brand weapon {unknown}
Potions
 h - 3 potions of attraction
 k - a potion of resistance
 q - a potion of mutation {unknown}
 s - a potion of enlightenment
 v - a potion of lignification


   Skills:
 - Level 1.0 Fighting
 + Level 7.7 Dodging
 + Level 7.8 Stealth
 + Level 7.1 Unarmed Combat
 + Level 3.2 Evocations
 - Level 3.4 Shapeshifting


You had 4 spell levels left.
You knew the following spells:

 Your Spells              Type           Power      Damage    Failure   Level
a - Confusing Touch       Hex            0%         N/A       52%         3

Your spell library contained the following spells:

 Spells                   Type           Power      Damage    Failure   Level
 Slow                     Hex            0%         N/A       21%         1
 Cigotuvi's Dreadful Rot  Necr/Alch/Air  0%         N/A       30%         2
 Sigil of Binding         Hex            0%         N/A       52%         3
 Vampiric Draining        Necr           0%         2d6       52%         3
 Ignite Poison            Fire/Alch      0%         N/A       90%         4
 Freezing Cloud           Conj/Ice/Air   0%         6-21      99%         5


Dungeon Overview and Level Annotations

Branches:
Dungeon (7/15)             Temple (1/1) D:5

Altars:
Ashenzari
Cheibriados
Dithmenos
Elyvilon
Gozag
Kikubaaqudgha
Makhleb
Nemelex Xobeh
Qazlal
Ru
Sif Muna
Trog
Uskayaw
Vehumet
Wu Jian
Xom
Zin
The Shining One

Shops:
D:2 =

Annotations:
D:5 1 runed translucent door, TheLasagnaBaron's ghost, novice TrBe
D:6 1 runed translucent door, Gangsterbeez's ghost, novice MiFi


Innate Abilities, Weirdness & Mutations

You are a hulking beast.
Your limbs bulge with bestial killing power. (Slay +1)
You have sharp claws.
You have razor-sharp teeth.
You have supernaturally acute eyesight. (SInv)
You are covered in thick fur. (AC +2)
You are hated by all.
Your paws help you pounce on unaware monsters.
You are incapable of wielding weapons or throwing items.
You cannot wear armour.
You gain extra lives every three experience levels.


Message History

The water moccasin is severely wounded.
You feel sick. The water moccasin bites you.
The gnoll sergeant closely misses you.
Unknown command.
Aiming: Warp Space
Press: ? - help, Shift-Dir - straight line, f/p - water moccasin
Aim: a water moccasin (severely wounded)
Okay, then.
Okay, then.
You feel very mighty all of a sudden.
You feel sick.
You are no longer poisoned.
The water moccasin closely misses you.
The gnoll sergeant completely misses you.
The water moccasin is stunned by your conviction and fails to attack.
Unknown command.
You mangle the water moccasin!!
You kill the water moccasin!
The gnoll sergeant hits you from afar with a +0 trident.
* * * LOW HITPOINT WARNING * * *
Unknown command.
Unknown command.
A sky beast comes into view.
The gnoll sergeant completely misses you.
The water moccasin hisses angrily.
Unknown command.
You barely miss the gnoll sergeant.
The gnoll sergeant is almost dead.
The water moccasin completely misses you.
The gnoll sergeant hits you with a +0 trident!
* * * LOW HITPOINT WARNING * * *
The gnoll shouts!
Unknown command.
Unknown command.
You barely miss the gnoll sergeant. You bite the gnoll sergeant.
The gnoll sergeant is almost dead.
The water moccasin is stunned by your conviction and fails to attack. x2
The gnoll sergeant hits you with a +0 trident.
You die...
Ru respects your ultimate sacrifice.

#..........# ..
#.......... ###
####........
##....../....
...##...รท....#...
..............#
..........g...#
....:..Y.Sg####
##########h# #
###.######.#
#...........
#...........
#...........
#...........
###.########
#.###############
#...............#


You could see a water moccasin, a sky beast, a gnoll sergeant and a gnoll.

Vanquished Creatures
  Sigmund (D:3)
  2 water moccasins
  Duvessa (D:5)
  A centaur (D:6)
  A bullfrog (D:6)
  2 scorpions
  3 wights (D:6)
  Dowan (D:5)
  5 hounds
  4 orc priests
  Crazy Yiuf (D:3)
  A sleepcap (D:3)
  Jessica (D:3)
  Natasha (thrice) (D:4)
  2 orc wizards
  2 iguanas
  4 gnolls (D:7)
  2 adders
  4 dart slugs
  2 ribbon worms
  16 orcs
  13 ball pythons
  6 endoplasms
  7 giant cockroaches
  7 goblins
  5 hobgoblins
  5 quokkas
  5 bats
  2 frilled lizards
  10 kobolds
  5 rats
124 creatures vanquished.

Notes
Turn   | Place    | Note
-------+----------+-------------------------------------------
     0 | D:1      | zenocrate the Felid Shapeshifter began the quest for the
                  | Orb.
     0 | D:1      | Reached XP level 1. HP: 10/10 MP: 2/2
    37 | D:1      | Found a faded altar of an unknown god.
   471 | D:1      | Reached skill level 1 in Stealth
   523 | D:1      | Reached XP level 2. HP: 11/14 MP: 3/3
   882 | D:2      | Found Umaor's Jewellery Boutique.
   952 | D:2      | Reached XP level 3. HP: 17/18 MP: 4/4
  1591 | D:3      | Reached XP level 4. HP: 21/22 MP: 5/5
  1591 | D:3      | Gained a life (2 lives remaining)
  1625 | D:3      | Noticed Sigmund
  1636 | D:3      | Killed Sigmund
  1637 | D:3      | Reached XP level 5. HP: 25/25 MP: 6/6
  1808 | D:3      | Noticed Jessica
  1812 | D:3      | Killed Jessica
  1813 | D:3      | Gained mutation: You are covered in thick fur. (AC +2)
                  | [Felid growth]
  1813 | D:3      | Reached XP level 6. HP: 30/30 MP: 7/7
  1897 | D:3      | Reached skill level 5 in Dodging
  2018 | D:3      | Found a runed translucent door.
  2019 | D:3      | Noticed Crazy Yiuf
  2166 | D:3      | Killed Crazy Yiuf
  2294 | D:4      | Noticed Natasha
  2768 | D:4      | Killed Natasha
  2769 | D:4      | Reached skill level 5 in Unarmed Combat
  2980 | D:4      | Noticed Natasha
  2989 | D:4      | Killed Natasha
  2990 | D:4      | Reached skill level 5 in Stealth
  2995 | D:4      | Noticed Natasha
  3006 | D:4      | Killed Natasha
  3181 | D:4      | Reached XP level 7. HP: 33/33 MP: 8/8
  3353 | D:5      | Entered Level 5 of the Dungeon
  3410 | D:5      | Found a staircase to the Ecumenical Temple.
  3454 | Temple   | Entered the Ecumenical Temple
  3508 | Temple   | Became a worshipper of Ru the Awakened
  3598 | D:5      | Found a runed translucent door.
  3602 | D:5      | Noticed TheLasagnaBaron's ghost (novice TrBe)
  3607 | D:5      | Noticed Duvessa
  3608 | D:5      | Noticed Dowan
  3631 | D:5      | Killed Duvessa
  3639 | D:5      | Killed Dowan
  4328 | D:5      | Reached skill level 1 in Evocations
  4328 | D:5      | Reached XP level 8. HP: 35/37 MP: 9/9
  4535 | D:6      | HP: 2/55 [poisoned by a water moccasin]
  4535 | D:6      | Slain by a water moccasin
  4535 | D:6      | Lost a life (1 life remaining)
  4675 | D:6      | Found a runed translucent door.
  4675 | D:6      | Noticed Gangsterbeez's ghost (novice MiFi)
  5102 | D:6      | Learned a level 3 spell: Confusing Touch
  5143 | D:7      | Gained mutation: You are hated by all. [Ru sacrifice]
  5143 | D:7      | Reached * piety under Ru
  5143 | D:7      | Reached ** piety under Ru
  5161 | D:7      | Slain by an orc warrior
  5161 | D:7      | Lost a life (0 lives remaining)
  5269 | D:7      | HP: 1/37 [poisoned by a water moccasin]
  5437 | D:7      | Slain by a gnoll sergeant

Illustrated notes

Levels and vault maps discovered:
D:1:      sevenhm_arrival_forest_fort_small_3, layout_loops_ring,
          shapermc_ecumenical_altar_gd
D:2:      layout_basic, serial_shops, nicolae_shop_just_a_little_nook,
          minmay_tetromino_l4
D:3:      layout_rooms, hellmonk_no_cap, uniq_jessica, uniq_crazy_yiuf_cottage,
          uniq_sigmund
D:4:      layout_gridville, chequers_serial_rivers_small_3, st_stairs_2,
          uniq_natasha
D:5:      layout_basic, minmay_temple_entry_junction_2,
          ebering_ghost_reflecting_pool, uniq_duvessa
D:6:      layout_rooms, hellmonk_ghost_happy_afterlife
D:7:      layout_basic
Temple:   mainiacjoe_temple_starburst

Skill      XL: |  1  2  3  4  5  6  7  8 |
---------------+-------------------------+-----
Dodging        | 3 4 5 6 7 |  7.7
Stealth        | 1 2 3 4 5 6 7 |  7.8
Unarmed Combat | 4 5 6 7 |  7.1
Shapeshifting  | 3 |  3.4
Evocations     | 1 3 |  3.2
Fighting       | |  1.0

Action                     |  1- 3 |  4- 6 |  7- 9 || total
---------------------------+-------+-------+-------++-------
  Melee: Unarmed           |   103 |   112 |   130 ||   345
         Bite              |     8 |    15 |    10 ||    33
         Punch             |     1 |     2 |     6 ||     9
 Invoke: Sacrifice Love    |       |       |     1 ||     1
  Evoke: Wand              |       |       |     6 ||     6
    Use: Scroll            |     4 |     2 |     4 ||    10
         Potion            |     2 |     2 |     5 ||     9
   Stab: Sleeping          |     1 |     9 |     5 ||    15
         Invisible         |       |       |     3 ||     3
 Armour: Skin              |    87 |    42 |    50 ||   179
  Dodge: Dodged            |    63 |    96 |   102 ||   261

Table legend: (Time is in decaauts)
 A = Elapsed time spent in this place.
 B = Non-inter-level travel time spent in this place.
 C = Inter-level travel time spent in this place.
 D = Time resting spent in this place.
 E = Time spent auto-exploring this place.
 F = Levels seen in this place.
 G = Mean time per level.
                   A        B        C        D        E       F      G
               +--------+--------+--------+--------+--------+-----+--------+
         Total |   5411 |   5169 |    242 |      4 |   4187 |   8 |  676.4 |
       Dungeon |   5304 |   5166 |    138 |      4 |   4187 |   7 |  757.7 |
        Temple |    106 |      2 |    104 |      0 |      0 |   1 |  106.0 |
               +--------+--------+--------+--------+--------+-----+--------+

Top non-repeatable levels by time:
     D:5: 1006 daAuts
     D:4: 925 daAuts
     D:3: 897 daAuts
     D:1: 789 daAuts
     D:2: 730 daAuts
     D:6: 639 daAuts
     D:7: 315 daAuts
  Temple: 106 daAuts
